[Event "FIN-ch Women 2017"]
[Site "Helsinki"]
[Date "2017.06.14"]
[Round "1"]
[White "Dannenberg, Alia"]
[Black "Nazarova, Anastasia"]
[Result "0-1"]
[ECO "B20"]
[WhiteElo "1984"]
[BlackElo "2038"]
[Annotator "NA"]
[PlyCount "102"]
[EventDate "2017.??.??"]
[EventType "tourn"]
[EventCountry "FIN"]
[SourceTitle "playchess.com"]
[Source "ChessBase"]
[SourceQuality "1"]
[TimeControl "40/5400+30:1800+30"]

1. e4 c5 2. d3 Nc6 3. g3 g6 4. Bg2 Bg7 5. Nf3 e5 6. O-O Nge7 7. Be3 b6 {[%emt 0:01:03] A04: Unusual lines after 1 Nf3 and King's Indian Attack} (7... d6 8. Qd2 O-O 9. Bh6 f6 10. Bxg7 Kxg7 11. c3 d5 12. exd5 Nxd5 13. Re1 Re8 14. Na3 Nc7 15. Qe3 b6 16. Nd2 Bb7 {½-½ (40) Golubov,S (2484)-Fedorov,A (2565) Voronezh 2016}) 8. Qd2 O-O 9. Bh6 d6 10. Bxg7 Kxg7 11. a4 $146 ({Predecessor:} 11. Nh4 Bd7 12. f4 f6 13. Na3 Qb8 14. Nc4 b5 15. Ne3 {½-½ (51) Gvetadze,S (2311)-Makropoulou,M (2143) Mamaia 2016}) 11... f5 12. exf5 Bxf5 13. Nc3 Qd7 14. Nh4 Bh3 15. Bxh3 Qxh3 16. f4 Qg4 17. Qd1 Qd7 18. Ng2 Nd4 19. Ne2 Ne6 20. Qd2 Nf5 21. Ne3 (21. a5 $11) 21... Nfd4 22. Nxd4 Nxd4 ({Much worse is} 22... exd4 $6 23. Nc4 $11) 23. Ng2 Qg4 24. Kh1 Rae8 (24... exf4 $17 25. Nxf4 Rae8) 25. Rae1 exf4 26. Rxe8 Rxe8 27. Rxf4 (27. Nxf4 $17 g5 28. Nh3 (28. Nd5 Re2 $17)) 27... Re2 28. Qd1 {[%emt 0:01:26] [#]} Qe6 $1 29. c3 Nf5 30. b4 $2 {[%emt 0:00:25] [#]} (30. Qf1 Rxb2 31. g4) 30... Nxg3+ $1 31. Kg1 Nf5 (31... Qa2 $142 32. Ne1 Rxe1+ 33. Qxe1 Ne2+ 34. Kf1 Nxf4 35. Qe7+ Kh6 36. Qh4+ Nh5) 32. Qf1 Rb2 33. Re4 Qf6 34. Qc1 (34. bxc5 {was the only chance.} bxc5 35. Qe1) 34... Ra2 35. bxc5 {[%emt 0:00:42] [#]} (35. Qf4 $142 Qxc3 36. bxc5 Qxc5+ 37. Ne3) 35... bxc5 (35... Ng3 $142 $1 36. Re7+ (36. hxg3 Qf2+) 36... Qxe7 37. hxg3 Qe5) 36. Qb1 {[%emt 0:01:06] [#]} (36. Qe1 $142) 36... Qf7 (36... Ng3 $142 $1 37. Rf4 (37. hxg3 Qf2+) 37... Ne2+ 38. Kh1 Nxf4 39. Qxa2 Nxd3) 37. Nf4 {[%emt 0:01:12] [#]} Rd2 $2 (37... Nh4 $1 $19 38. Qf1 (38. Ne6+ $2 Qxe6 39. Qb7+ Qf7 $19) 38... Kg8) 38. Ne6+ Kf6 $2 (38... Kh8 $11 {and Black stays safe.}) 39. Nf4 Qa2 40. Re6+ Kg5 41. Qf1 $2 (41. Qxa2 {was the only defense.} Rxa2 42. Re4) 41... Qxa4 42. Nh3+ Kh6 43. Nf2 Qf4 44. Re4 Qg5+ 45. Kh1 $19 Rc2 46. Re1 Kg7 47. Nh3 Qd2 48. Qg1 Qxd3 49. Nf4 Qf3+ 50. Ng2 Nh4 51. Re3 Rxg2 0-1

[Event "FIN-ch Women 2017"]
[Site "Helsinki"]
[Date "2017.06.13"]
[Round "1"]
[White "Al Najar, Huda"]
[Black "Al Argha, Fatima"]
[Result "1/2-1/2"]
[ECO "D02"]
[WhiteElo "1747"]
[BlackElo "1334"]
[Annotator "NA"]
[PlyCount "67"]
[EventDate "2017.??.??"]
[EventType "tourn"]
[EventCountry "FIN"]
[SourceTitle "playchess.com"]
[Source "ChessBase"]
[SourceQuality "1"]
[TimeControl "40/5400+30:1800+30"]

1. Nf3 d5 2. d4 Nc6 3. Bf4 Bf5 4. c3 Nf6 5. e3 e6 6. Bb5 Bd6 7. Ne5 Bxe5 8. dxe5 Nd7 9. Nd2 a6 10. Bxc6 bxc6 11. Nf3 c5 12. Bg5 Qc8 13. Nh4 Bg6 14. Nxg6 hxg6 15. Bf4 c6 16. Qg4 Rb8 17. Rb1 Qc7 18. Qg3 Qa5 19. a3 Rxb2 20. Rc1 Qxa3 21. O-O a5 22. Qf3 Rh5 23. Rfd1 Nxe5 24. Bxe5 Rxe5 25. Qg3 Rf5 26. Rf1 Rbxf2 27. Qb8+ Kd7 28. Qb7+ Kd6 29. Qb8+ Kd7 30. Qb7+ Kd6 31. Qb8+ Kd7 32. Rfd1 Qa2 33. Qb7+ Kd6 34. Qb8+ {[%emt 0:00:04] Ke5 [%clk 0:25:08]} 1/2-1/2

[Event "FIN-ch Women 2017"]
[Site "Helsinki"]
[Date "2017.06.14"]
[Round "1"]
[White "Rinne, Heini"]
[Black "Norlamo, Sarabella"]
[Result "1/2-1/2"]
[ECO "A05"]
[WhiteElo "1746"]
[BlackElo "1640"]
[Annotator "NA"]
[PlyCount "40"]
[EventDate "2017.??.??"]
[EventType "tourn"]
[EventCountry "FIN"]
[SourceTitle "playchess.com"]
[Source "ChessBase"]
[SourceQuality "1"]
[TimeControl "40/5400+30:1800+30"]

1. Nf3 Nf6 2. g3 g6 3. b3 Bg7 4. Bb2 d6 5. d4 Nbd7 6. Bg2 Ne4 7. O-O O-O 8. c4 c6 9. Qd3 Ndf6 10. Nc3 Bf5 11. Nh4 Nxf2 12. Qf3 Nh3+ 13. Kh1 Bg4 14. Qd3 Ng5 15. Bc1 Nh3 16. e4 h6 17. Be3 Qd7 18. Qd2 Kh7 19. Rae1 Rad8 20. Qc1 Qc8 1/2-1/2

[Event "FIN-ch Women 2017"]
[Site "Helsinki"]
[Date "2017.06.14"]
[Round "4"]
[White "Nazarova, Anastasia"]
[Black "Al Najar, Huda"]
[Result "1/2-1/2"]
[ECO "C77"]
[WhiteElo "2038"]
[BlackElo "1747"]
[Annotator "NA"]
[PlyCount "146"]
[EventDate "2017.??.??"]
[EventType "tourn"]
[EventCountry "FIN"]
[SourceTitle "playchess.com"]
[Source "ChessBase"]
[SourceQuality "1"]
[TimeControl "40/5400+30:1800+30"]

1. e4 e5 2. Nf3 Nc6 3. Bb5 a6 4. Ba4 Nf6 5. d3 b5 6. Bb3 Be7 7. O-O (7. a4 $5 b4 8. O-O $11) 7... d6 8. a3 (8. a4 $5 ) 8... O-O 9. Nc3 Be6 {[%emt 0:05:40] C77: Ruy Lopez: 3...a6 4 Ba4 Nf6, unusual lines} (9... Nb8 10. Ne2 Nbd7 11. c3 Bb7 12. Ng3 c5 13. Re1 Rc8 14. Nf5 c4 15. dxc4 Bxe4 16. Nxe7+ Qxe7 17. cxb5 axb5 {1-0 (42) Kramnik,V (2811)-Harikrishna,P (2755) Shamkir 2017}) 10. Nd5 Na5 {[%emt 0:07:38] LiveBook: 30 Games} 11. Ba2 c6 12. Nxe7+ Qxe7 13. b4 $146 ({Predecessor:} 13. Bb1 h6 14. h3 c5 15. Bd2 Nc6 16. c3 Rad8 17. Re1 {0-1 (33) Rodi,L (2364)-Sztokbant,B (2280) Sao Paulo 2015}) 13... Bxa2 14. Rxa2 Nb7 15. Re1 a5 16. Rb2 axb4 17. axb4 Ra1 18. Qe2 Nd8 19. c3 Ne6 20. Ra2 Ra8 21. Rxa8+ Rxa8 22. d4 Nc7 23. Qc2 Qe6 24. dxe5 dxe5 25. Be3 h6 26. h3 Nce8 27. Nd2 Nd6 28. f3 Nc4 29. Qd3 Nxe3 30. Qxe3 Ra2 31. Re2 Nh5 32. Kh2 Nf4 33. Rf2 Rc2 34. Nf1 Qb3 35. Rxc2 Qxc2 36. Qd2 Qb3 37. g3 Qb1 38. Ne3 Qd3 39. Qxd3 Nxd3 40. Kg1 Nb2 41. Kf2 Nc4 42. Nf5 Kf8 43. Ke2 h5 44. Nh4 g6 45. Ng2 Ke7 46. Ne1 f5 47. exf5 gxf5 48. Nd3 Kd6 49. Ne1 Kd5 50. Nc2 Nd6 51. Ne3+ Ke6 52. Kd3 f4 53. gxf4 exf4 54. Nc2 Kd5 55. Nd4 Nc4 56. Ne2 Ne5+ 57. Kc2 Ng6 58. Kd3 h4 59. Kd2 Kc4 60. Kc2 c5 61. bxc5 Kxc5 62. Kd3 Kd5 63. Kc2 Kc4 64. Kd2 Ne5 65. Nxf4 Nxf3+ 66. Kc2 Ng1 67. Ng2 Nxh3 68. Nxh4 Nf4 69. Nf5 $11 Nd5 70. Nd6+ Kc5 71. Ne4+ Kc6 72. Kb3 Nb6 73. Nd2 Nd5 1/2-1/2

[Event "FIN-ch Women 2017"]
[Site "Helsinki"]
[Date "2017.06.14"]
[Round "4"]
[White "Rinne, Heini"]
[Black "Dannenberg, Alia"]
[Result "0-1"]
[ECO "A42"]
[WhiteElo "1746"]
[BlackElo "1984"]
[Annotator "NA"]
[PlyCount "64"]
[EventDate "2017.??.??"]
[EventType "tourn"]
[EventCountry "FIN"]
[SourceTitle "playchess.com"]
[Source "ChessBase"]
[SourceQuality "1"]
[TimeControl "40/5400+30:1800+30"]

1. d4 g6 2. c4 Bg7 3. e4 d6 4. Nc3 e5 5. dxe5 Bxe5 {[%emt 0:00:03] LiveBook: 19 Games} 6. Nge2 {[%emt 0:05:13] A42: Modern Defence: Averbakh Variation} (6. Nf3 Bg7 7. Bg5 Nf6 8. Bd3 h6 9. Bd2 Bg4 10. h3 Bxf3 11. Qxf3 Nc6 12. O-O O-O 13. Rfe1 Ne5 {1-0 (30) Karpov,A (2619)-Mamedyarov,S (2719) Moscow 2009}) 6... Nc6 7. Nd5 $146 ({Predecessor:} 7. Be3 Nge7 8. Bh6 f5 9. Qd2 Be6 10. Nf4 Qd7 11. Nfd5 O-O-O 12. f4 Bxc3 13. Qxc3 Bxd5 14. exd5 {1-0 (27) Cerveny,M (2334)-Petenyi,T (2469) Litomysl 2013}) 7... Bg7 8. Nec3 Nf6 9. Bg5 h6 10. Bxf6 Bxf6 11. Nb5 O-O 12. Qd2 ({Of course not} 12. Ndxc7 a6 $15) 12... Bg7 13. Nbxc7 Rb8 14. Nb5 Re8 15. Bd3 a6 16. Nbc3 Ne5 17. Be2 Be6 18. O-O Rc8 19. b3 Nc6 20. Rad1 Nd4 21. Bd3 Qh4 22. Qe3 Bg4 23. Be2 Bxe2 24. Rxd4 Bxf1 25. Rd2 Bxg2 26. Kxg2 Qg5+ 27. Qxg5 hxg5 28. a4 Be5 29. Kh3 Kg7 30. Kg4 Rh8 31. f3 Rh4+ $19 32. Kxg5 Rch8 0-1

[Event "FIN-ch Women 2017"]
[Site "Helsinki"]
[Date "2017.06.14"]
[Round "4"]
[White "Norlamo, Sarabella"]
[Black "Al Argha, Fatima"]
[Result "1-0"]
[ECO "D35"]
[WhiteElo "1640"]
[BlackElo "1334"]
[Annotator "NA"]
[PlyCount "41"]
[EventDate "2017.??.??"]
[EventType "tourn"]
[EventCountry "FIN"]
[SourceTitle "playchess.com"]
[Source "ChessBase"]
[SourceQuality "1"]
[TimeControl "40/5400+30:1800+30"]

1. d4 d5 2. c4 e6 3. Nc3 Nf6 4. Nf3 Nbd7 5. cxd5 exd5 6. Bf4 a6 7. h3 Be7 8. e3 b6 9. Rc1 Bb7 10. Bd3 Ne4 11. Bxc7 Nxc3 12. Rxc3 Qc8 13. O-O O-O 14. Bxb6 Bc6 15. Qc2 Nxb6 16. Rxc6 Qb8 17. Bxh7+ Kh8 18. Qf5 Qb7 19. Qh5 Qxc6 20. Bg6+ Kg8 21. Qh7# 1-0

[Event "FIN-ch Women 2017"]
[Site "Helsinki"]
[Date "2017.06.15"]
[Round "5"]
[White "Dannenberg, Alia"]
[Black "Norlamo, Sarabella"]
[Result "1/2-1/2"]
[ECO "C36"]
[WhiteElo "1984"]
[BlackElo "1640"]
[Annotator "NA"]
[PlyCount "117"]
[EventDate "2017.??.??"]
[EventType "tourn"]
[EventCountry "FIN"]
[SourceTitle "playchess.com"]
[Source "ChessBase"]
[SourceQuality "1"]
[TimeControl "40/5400+30:1800+30"]

1. e4 e5 2. f4 exf4 3. Nf3 d5 4. exd5 Qxd5 5. Nc3 Qe6+ 6. Be2 c6 {[%emt 0:03:44] C36: King's Gambit Accepted: 3 Nf3 d5} (6... Bd6 7. O-O Ne7 8. d4 Nf5 9. Ng5 Qf6 10. Nce4 Qxd4+ 11. Qxd4 Nxd4 12. Bc4 Be6 13. Nxe6 fxe6 14. c3 {1-0 (71) Martin Sanchez,C (2349)-Sardella,A (2344) ICCF email 2009}) 7. O-O Bd6 8. d4 Nf6 9. Bd3 (9. Ne5 $5) 9... O-O 10. Ng5 Qe7 $146 ({Predecessor:} 10... Qg4 11. Qxg4 Bxg4 12. Bxf4 Bxf4 13. Rxf4 h6 14. Nge4 {½-½ (39) Kunos,Z (1831)-Gomori,M (1921) Hungary 2015}) 11. Nge4 Bc7 12. Bxf4 Nxe4 13. Nxe4 Bxf4 14. Rxf4 f5 15. Bc4+ Be6 16. Bxe6+ Qxe6 17. Nc5 Qe3+ 18. Rf2 b6 $1 19. Qd3 Qxd3 20. Nxd3 Nd7 21. Re1 g6 22. Rfe2 Rac8 23. Re7 Rf7 24. Rxf7 Kxf7 25. Ne5+ Nxe5 26. Rxe5 Kf6 27. Re3 Rd8 28. Rd3 (28. Rc3 $5 ) 28... c5 29. d5 ({White should try} 29. c3 $1 $15) 29... c4 30. Rc3 b5 31. Ra3 Rxd5 32. Rxa7 Rd1+ 33. Kf2 Rd2+ 34. Kf3 Rxc2 35. a4 Rxb2 36. axb5 Rxb5 37. Rc7 Rb3+ 38. Ke2 c3 39. Kd3 h6 40. h4 Rb4 41. Rc6+ Kf7 42. Rc7+ Ke6 43. Rc6+ Kd5 44. Rxg6 Rxh4 45. Kxc3 Ke4 46. Kd2 Rg4 47. Rxh6 Rxg2+ 48. Ke1 Kf3 49. Kf1 f4 50. Ra6 Rf2+ 51. Kg1 $1 Re2 (51... Rb2 $5) 52. Kf1 Re5 53. Rh6 Ke3 54. Rh3+ f3 55. Rh8 Re4 56. Rf8 Rd4 57. Re8+ Kd3 58. Kf2 Rf4 59. Re3+ $11 1/2-1/2

[Event "FIN-ch Women 2017"]
[Site "Helsinki"]
[Date "2017.06.15"]
[Round "5"]
[White "Al Najar, Huda"]
[Black "Rinne, Heini"]
[Result "0-1"]
[ECO "B11"]
[WhiteElo "1747"]
[BlackElo "1746"]
[Annotator "NA"]
[PlyCount "132"]
[EventDate "2017.??.??"]
[EventType "tourn"]
[EventCountry "FIN"]
[SourceTitle "playchess.com"]
[Source "ChessBase"]
[SourceQuality "1"]
[TimeControl "40/5400+30:1800+30"]

1. e4 c6 2. Nf3 d5 3. Nc3 e6 4. a3 dxe4 5. Nxe4 Be7 6. d4 Nd7 7. Bd3 Ngf6 8. Ng3 Qc7 9. Qe2 O-O 10. O-O Re8 11. Ne5 Bd6 12. f4 c5 13. c3 cxd4 14. cxd4 Qb6 15. Qf2 Bf8 16. Kh1 g6 17. Ne4 Nxe4 18. Bxe4 Nf6 19. Bf3 Rd8 20. b4 a5 21. bxa5 Qxa5 22. Bb2 Nd5 23. Nc4 Qa7 24. g3 b5 25. Ne5 Bb7 26. Rfc1 Qb6 27. Nd3 Nf6 28. Nc5 Bxf3+ 29. Qxf3 Nd5 30. Nd3 Rac8 31. Ne5 Kg7 32. h4 h5 33. g4 hxg4 34. Nxg4 Be7 35. Qf2 Rxc1+ 36. Rxc1 Rh8 37. Kg2 Rxh4 38. Nh2 Nxf4+ 39. Kf1 Qb7 40. Nf3 Rh1+ 41. Ng1 Qe4 42. Rc3 Bh4 43. Qd2 Ne2 44. Re3 Rxg1+ 45. Kxe2 Rg2+ 46. Kf1 Rxd2 47. Rxe4 Bf6 48. Bc3 Rd3 49. Bb2 Rb3 50. Re2 g5 51. Ke1 Kg6 52. Rd2 Be7 53. Kd1 Bxa3 54. Bxa3 Rxa3 55. d5 exd5 56. Rxd5 Rf3 57. Rxb5 g4 58. Ke2 f5 59. Rb8 Kg5 60. Rg8+ Kh4 61. Rh8+ Kg3 62. Rf8 Kg2 63. Rg8 g3 64. Rh8 Rf2+ 65. Ke1 f4 66. Rf8 f3 0-1

[Event "FIN-ch Women 2017"]
[Site "Helsinki"]
[Date "2017.06.15"]
[Round "5"]
[White "Al Argha, Fatima"]
[Black "Nazarova, Anastasia"]
[Result "0-1"]
[ECO "B26"]
[WhiteElo "1334"]
[BlackElo "2038"]
[Annotator "NA"]
[PlyCount "70"]
[EventDate "2017.??.??"]
[EventType "tourn"]
[EventCountry "FIN"]
[SourceTitle "playchess.com"]
[Source "ChessBase"]
[SourceQuality "1"]
[TimeControl "40/5400+30:1800+30"]

1. e4 c5 2. Nc3 Nc6 3. g3 g6 4. Bg2 Bg7 5. d3 Rb8 6. Be3 {[%emt 0:01:00] LiveBook: 171 Games} d6 7. Qd2 b5 8. Rb1 {[%emt 0:03:42] B26: Closed Sicilian: 3 g3, lines with early Be3} (8. Nge2 Nd4 9. O-O e6 10. Nc1 Ne7 11. Nd1 O-O 12. c3 Ndc6 13. Bh6 d5 14. Bxg7 Kxg7 15. exd5 Nxd5 16. Ne3 Nde7 17. a4 a6 18. axb5 axb5 19. Nb3 Qd6 {½-½ (62) Hera,I (2609)-Demuth,A (2527) Bad Ragaz 2017}) 8... e6 (8... b4 $5 9. Nce2 Nf6 $15) 9. f4 Nge7 10. Nf3 Nd4 11. O-O Nec6 {[%emt 0:08:44] [#]} ({Better is} 11... O-O $11) 12. Ne2 (12. e5 $1 $16) 12... Nxf3+ 13. Bxf3 Nd4 14. Bg2 b4 15. h3 $146 ({Predecessor:} 15. f5 exf5 16. Nxd4 cxd4 17. Bh6 O-O {½-½ (16) Brueggemann,J (2360)-Baumbach,F (2460) Goerlitz 1972}) 15... O-O 16. Kh2 Nxe2 17. Qxe2 Qa5 18. Bf2 (18. Qd2 $11) 18... Qxa2 19. e5 Qa6 20. Ra1 Qb6 21. Qe3 Rd8 22. exd6 $2 (22. d4 $15) 22... Bd4 23. Qc1 Rxd6 24. Ra2 Bb7 25. Qa1 Bxg2 26. Kxg2 Rb7 27. Bxd4 cxd4 ({But not} 27... Rxd4 28. Ra6 $15) 28. Rb1 Qc6+ 29. Kg1 Qxc2 30. Rc1 Qxd3 31. Rc8+ Kg7 32. Rxa7 Rxa7 33. Qxa7 Ra6 34. Qb8 Ra1+ 35. Kh2 Qe2# 0-1

[Event "FIN-ch Women 2017"]
[Site "Helsinki"]
[Date "2017.06.16"]
[Round "6"]
[White "Dannenberg, Alia"]
[Black "Al Najar, Huda"]
[Result "1-0"]
[ECO "C29"]
[WhiteElo "1984"]
[BlackElo "1747"]
[Annotator "NA RC"]
[PlyCount "85"]
[EventDate "2017.??.??"]
[EventType "tourn"]
[EventCountry "FIN"]
[SourceTitle "playchess.com"]
[Source "ChessBase"]
[SourceQuality "1"]
[TimeControl "40/5400+30:1800+30"]

1. e4 e5 2. Nc3 Nf6 3. f4 d5 4. exd5 exf4 5. Bb5+ c6 {[%emt 0:05:59] C29: Vienna Game: 2...Nf6 3 f4} 6. dxc6 bxc6 7. Bc4 Bc5 $146 ({Predecessor:} 7... Bd6 8. Qe2+ Kf8 9. d4 Nbd7 10. Nf3 Nb6 11. Ne5 Bxe5 12. dxe5 Bg4 13. Qf2 Nxc4 {½-½ (40) Shirazi,K (2408)-Bojkov,D (2520) Sautron 2007}) 8. Qe2+ Qe7 (8... Be6 $11) 9. Qxe7+ Bxe7 10. d4 Bf5 11. Bb3 Bd6 12. Nge2 O-O 13. O-O g5 14. h4 h6 {[%emt 0:01:22] [#]} 15. Nxf4 $1 gxf4 16. Bxf4 Bxf4 17. Rxf4 Bxc2 18. Bxc2 Nbd7 19. Raf1 Kg7 20. Ne4 Nd5 21. R4f3 Rab8 22. b3 Rb4 23. Nd6 N7f6 24. Nf5+ Kh7 25. Ne7+ Kg7 26. Nxc6 Rb6 27. Ne5 Rc8 28. Bd3 Rc3 29. Bc4 Rxf3 30. Rxf3 ({Weaker is} 30. Nxf3 Ne3 $18) 30... Rb7 31. g4 Nb6 32. Bxf7 Nxg4 33. Rg3 Rxf7 34. Rxg4+ Kf8 35. Nxf7 Kxf7 36. Kf2 Kf6 37. Kf3 Nd5 38. h5 Ne7 39. Ke4 Ke6 40. Rg7 a5 41. Rxe7+ Kxe7 42. Ke5 Kd7 43. d5 1-0

[Event "FIN-ch Women 2017"]
[Site "Helsinki"]
[Date "2017.06.16"]
[Round "6"]
[White "Rinne, Heini"]
[Black "Al Argha, Fatima"]
[Result "1-0"]
[ECO "A90"]
[WhiteElo "1746"]
[BlackElo "1334"]
[Annotator "NA RC"]
[PlyCount "117"]
[EventDate "2017.??.??"]
[EventType "tourn"]
[EventCountry "FIN"]
[SourceTitle "playchess.com"]
[Source "ChessBase"]
[SourceQuality "1"]
[TimeControl "40/5400+30:1800+30"]

1. d4 f5 2. c4 Nf6 3. g3 e6 4. Bg2 d5 5. Nh3 c6 6. O-O Bd6 7. Bf4 O-O 8. Bxd6 Qxd6 9. Nd2 h6 10. Nf4 Kf7 11. Nf3 Nbd7 12. c5 Qc7 13. Nd3 g5 14. e3 b6 15. Qc2 Ba6 16. Nfe5+ Nxe5 17. Nxe5+ Ke8 18. cxb6 Qxb6 19. Rfc1 Rc8 20. Qc5 Bb7 21. Qd6 c5 22. dxc5 Qxd6 23. cxd6 Nd7 24. Ng6 Rf7 25. Ne7 Rc5 26. Rxc5 Nxc5 27. Rc1 Na6 28. Nc6 Bxc6 29. Rxc6 Nb4 30. Rc8+ Kd7 31. Rc7+ Ke8 32. Rc8+ Kd7 33. Rc3 Kxd6 34. a3 Na2 35. Rc8 Rc7 36. Rh8 Rc1+ 37. Bf1 Rb1 38. Rxh6 Rxb2 39. Rh7 Nc3 40. Rxa7 Ne4 41. Ra6+ Kd7 42. h4 gxh4 43. gxh4 Rb8 44. Ra7+ Kd6 45. h5 Nf6 46. Be2 e5 47. Ra6+ Ke7 48. a4 d4 49. exd4 exd4 50. h6 Kf7 51. Bd3 f4 52. h7 Kg7 53. Ra7+ Kh6 54. Rf7 Kg5 55. Rg7+ Kh4 56. Kg2 Rf8 57. Kf3 Kh5 58. a5 Kh6 59. Rg6+ 1-0

[Event "FIN-ch Women 2017"]
[Site "Helsinki"]
[Date "2017.06.16"]
[Round "6"]
[White "Norlamo, Sarabella"]
[Black "Nazarova, Anastasia"]
[Result "1/2-1/2"]
[ECO "D04"]
[WhiteElo "1640"]
[BlackElo "2038"]
[Annotator "NA RC"]
[PlyCount "92"]
[EventDate "2017.??.??"]
[EventType "tourn"]
[EventCountry "FIN"]
[SourceTitle "playchess.com"]
[Source "ChessBase"]
[SourceQuality "1"]
[TimeControl "40/5400+30:1800+30"]

1. d4 d5 2. Nf3 Nf6 3. e3 c5 4. b3 cxd4 5. exd4 Nc6 6. Bb2 {[%emt 0:00:26] LiveBook: 34 Games} Bg4 7. Be2 e6 {[%emt 0:00:04] D04: Colle System} 8. Nbd2 Bd6 (8... Be7 9. Ne5 Bxe2 10. Qxe2 Qc7 11. O-O O-O 12. c4 dxc4 13. bxc4 Nxe5 14. dxe5 {½-½ (41) Stefanova,A (2486)-Kosintseva,T (2496) Beijing 2013}) 9. O-O O-O 10. h3 Bf5 11. Nh4 Bg6 12. Nxg6 hxg6 13. Nf3 $146 ({Predecessor:} 13. a3 Rc8 14. Nf3 Qc7 15. Bd3 {½-½ (37) Myagmarsuren,L (2176)-Kraidman,Y (2307) Halle 2004}) 13... Qc7 14. Re1 Rac8 15. a3 Ne7 16. Bd3 Nh5 17. c4 Qd8 18. Ne5 Nc6 19. Nxc6 Rxc6 20. cxd5 exd5 21. Qf3 Bb8 22. Rad1 Rf6 23. Qe3 Nf4 24. Bf1 Ne6 (24... Qd7 $11) 25. Qc3 (25. g3 $14) 25... Ng5 26. Bd3 $2 (26. Qc2 $17 {is more resistant.}) 26... Rf4 $2 (26... Rf3 $19 27. Kf1 {[#]} Nxh3 $1 28. gxf3 Qh4 $19) 27. Bc1 Rh4 28. Bxg5 Qxg5 29. Bf1 Rf4 30. Qe3 Qf6 31. Be2 Re4 32. Qc3 Qd6 33. g3 Qxa3 34. Bf3 Rxe1+ 35. Rxe1 Qd6 36. Qa5 Rd8 37. Qxd5 Qxd5 38. Bxd5 Kf8 (38... Bxg3 $5 39. Bxb7 Bc7 $11) 39. Bxb7 Rxd4 40. Bc6 Rd8 41. Kg2 g5 42. Bb5 f6 43. Re2 Be5 44. Ra2 Rb8 45. Bc4 Bd4 46. Rd2 Rd8 $11 1/2-1/2

[Event "FIN-ch Women 2017"]
[Site "Helsinki"]
[Date "2017.06.18"]
[Round "7"]
[White "Nazarova, Anastasia"]
[Black "Rinne, Heini"]
[Result "1-0"]
[ECO "B06"]
[WhiteElo "2038"]
[BlackElo "1746"]
[Annotator "NA RC"]
[PlyCount "45"]
[EventDate "2017.??.??"]
[EventType "tourn"]
[EventCountry "FIN"]
[SourceTitle "playchess.com"]
[Source "ChessBase"]
[SourceQuality "1"]
[TimeControl "40/5400+30:1800+30"]

1. e4 g6 2. d4 Bg7 3. Nc3 a6 4. Be3 b5 5. Qd2 Bb7 6. f3 d5 7. O-O-O dxe4 8. Nxe4 Nd7 9. Bd3 Ngf6 10. Bh6 O-O ({Better is} 10... Bxh6 $14 11. Qxh6 e6) 11. h4 Nxe4 12. Bxe4 Bxe4 13. fxe4 Nf6 14. Bxg7 Kxg7 15. e5 Ne4 16. Qe3 Qd5 17. h5 h6 (17... f5 $16 {keeps fighting.}) 18. hxg6 $18 Ng5 19. Nf3 fxg6 20. Nxg5 hxg5 21. Qxg5 Qe6 22. Qh6+ Kf7 23. Rdf1+ 1-0

[Event "FIN-ch Women 2017"]
[Site "Helsinki"]
[Date "2017.06.18"]
[Round "7"]
[White "Al Najar, Huda"]
[Black "Norlamo, Sarabella"]
[Result "0-1"]
[ECO "C56"]
[WhiteElo "1747"]
[BlackElo "1640"]
[Annotator "NA RC"]
[PlyCount "120"]
[EventDate "2017.??.??"]
[EventType "tourn"]
[EventCountry "FIN"]
[SourceTitle "playchess.com"]
[Source "ChessBase"]
[SourceQuality "1"]
[TimeControl "40/5400+30:1800+30"]

1. e4 e5 2. Nf3 Nc6 3. d4 exd4 4. Bc4 Nf6 5. e5 d5 6. Bb5 Ne4 7. Nxd4 Bd7 8. Bxc6 bxc6 9. O-O Be7 10. f3 Nc5 11. Be3 O-O 12. Nd2 Re8 13. f4 Rb8 14. N2b3 Nxb3 15. Nxb3 a6 16. Rb1 f6 17. Bd4 fxe5 18. fxe5 Qc8 19. Qe1 Bf5 20. Qc3 Qe6 21. Rbe1 Bb4 22. Qe3 Bxe1 23. Nc5 Qc8 24. Rxe1 Bxc2 25. e6 Re7 26. Qg5 Qe8 27. Bf6 h6 28. Qg3 Rb5 29. Bxe7 Qxe7 30. Nd7 Be4 31. Qe5 Rb7 32. a3 Bg6 33. Rf1 Be8 34. Rf8+ Kh7 35. Qf5+ Bg6 36. Qe5 Be8 37. g3 Bxd7 38. Rf7 Qc5+ 39. Kg2 Qc2+ 40. Rf2 Qe4+ 41. Qxe4+ dxe4 42. exd7 Rb8 43. Rf7 Rxb2+ 44. Kf1 Rd2 45. Ke1 Rd4 46. Ke2 Kg6 47. Ke3 Kxf7 48. Kxd4 Ke7 49. Kxe4 Kxd7 50. Ke5 c5 51. Kd5 c4 52. Kxc4 Kc6 53. h4 h5 54. Kb4 Kd5 55. a4 c5+ 56. Kc3 c4 57. Kd2 Kc5 58. Kc3 a5 59. Kd2 Kb4 60. Kc2 Kxa4 0-1

[Event "FIN-ch Women 2017"]
[Site "Helsinki"]
[Date "2017.06.18"]
[Round "7"]
[White "Al Argha, Fatima"]
[Black "Dannenberg, Alia"]
[Result "0-1"]
[ECO "B01"]
[WhiteElo "1334"]
[BlackElo "1984"]
[Annotator "NA RC"]
[PlyCount "52"]
[EventDate "2017.??.??"]
[EventType "tourn"]
[EventCountry "FIN"]
[SourceTitle "playchess.com"]
[Source "ChessBase"]
[SourceQuality "1"]
[TimeControl "40/5400+30:1800+30"]

1. e4 d5 2. exd5 Qxd5 3. d4 e5 4. Nc3 Qxd4 5. Qxd4 exd4 6. Nb5 Bd6 7. Nf3 Nc6 8. Nbxd4 Nxd4 9. Nxd4 a6 10. Bd2 Ne7 11. O-O-O O-O 12. Bc4 $11 b5 13. Bb3 $2 (13. Bd3 $11 {and White is okay.}) 13... c5 14. Nf3 c4 15. Be3 Nf5 16. Rhe1 Nxe3 17. Rxe3 Bf4 18. Kb1 Bxe3 19. fxe3 Bg4 20. h3 Bxf3 21. gxf3 Rad8 22. c3 cxb3 23. Rxd8 bxa2+ 24. Kxa2 Rxd8 25. e4 a5 26. Kb3 Rd3 0-1